 Dungeon Crawl Stone Soup version 0.21.0-3-g78d12a8 (console) character file.

43 Duffy the Magician (level 3, 0/19 HPs)
             Began as a Deep Elf Wizard on Jan 15, 2018.
             Killed from afar by Natasha (7 damage)
             ... with a magic dart
             ... on level 2 of the Dungeon.
             The game lasted 00:03:42 (1686 turns).

Duffy the Magician (Deep Elf Wizard)                Turns: 1686, Time: 00:03:42

Health: 0/19       AC:  5    Str:  4    XL:     3   Next: 37%
Magic:  6/11       EV: 13    Int: 23    God:
Gold:   135        SH:  0    Dex: 13    Spells: 7/12 levels left

rFire    . . .     SeeInvis .   (no weapon)
rCold    . . .     Gourm    .   (no shield)
rNeg     . . .     Faith    .   a - +0 robe
rPois    .         Spirit   .   b - +0 hat
rElec    .         Reflect  .   (no cloak)
rCorr    .         Harm     .   i - +0 pair of gloves
MR       .....                  p - +1 pair of boots
Stlth    ++........             (no amulet)
HPRegen  0.06/turn              (no ring)
MPRegen  0.12/turn              (no ring)

@: no status effects
A: no striking features
a: no special abilities


You were on level 2 of the Dungeon.
You were not hungry.

You visited 1 branch of the dungeon, and saw 2 of its levels.

You collected 135 gold pieces.

Inventory:

Armour
 a - a +0 robe (worn)
 b - a +0 hat (worn)
 i - a +0 pair of gloves (worn)
 p - a +1 pair of boots (worn)
Scrolls
 e - a scroll of random uselessness {unknown}
 h - a scroll of blinking {unknown}
 l - a scroll of amnesia {unknown}
 m - a scroll of magic mapping {unknown}
 n - a scroll of remove curse {unknown}
 o - 2 scrolls of teleportation {unknown}
 r - 2 scrolls of fear {unknown}
Potions
 f - a potion of flight {unknown}
 g - 2 potions of haste {unknown}
 j - a potion of mutation {unknown}
 k - a potion of heal wounds {unknown}
 s - 2 potions of curing {unknown}
Books
 c - a book of Minor Magic

   Spells                             Type                      Level
   a - Magic Dart                     Conjuration                  1
   b - Blink                          Translocation                2
   c - Call Imp                       Summoning                    2
   d - Slow                           Hexes                        2
   e - Conjure Flame                  Conjuration/Fire             3
   f - Mephitic Cloud                 Conjuration/Poison/Air       3
Comestibles
 d - 4 rations
 q - 2 chunks of flesh


   Skills:
 - Level 2.6 Dodging
 - Level 2.8 Stealth
 + Level 5.2 Spellcasting
 + Level 2.4 Conjurations
 - Level 1.1 Summonings
 - Level 1.1 Translocations


You had 7 spell levels left.
You knew the following spells:

 Your Spells              Type           Power        Failure   Level  Hunger
b - Blink                 Tloc           N/A          9%          2    None
h - Magic Dart            Conj           ###.         3%          1    None
j - Call Imp              Summ           ##......     9%          2    None


Dungeon Overview and Level Annotations

Branches:
Dungeon (2/15)

Altars:

Annotations:
D:2 Natasha


Message History

Natasha is moderately wounded.
Natasha zaps a wand.
The puff of flame hits you!
Ouch! That really hurt!
It is a wand of flame (23).
Cast which spell? (? or * to list)
Aiming: Magic Dart
Press: ? - help, Shift-Dir - straight line, f/p - Natasha
Aim: Natasha, carrying a wand of flame (23) (moderately wounded)
The magic dart hits Natasha.
Natasha is severely wounded.
Natasha mumbles some strange words.
Cast which spell? (? or * to list)
Aiming: Magic Dart
Press: ? - help, Shift-Dir - straight line, f/p - Natasha
Aim: Natasha, carrying a wand of flame (23) (severely wounded)
The magic dart hits Natasha.
Natasha is severely wounded.
Natasha casts a spell at you. The magic dart hits you!
You die...

........####..###.###
.......## #...#
......## #...#######
#++#### #.>.......#
##########.#
.........#.#
....5....'.#
..h......###
.......@.# .........#
.!........[
#######.#.## #....
###.## .#


You could see an iron imp and Natasha.

Vanquished Creatures
  A worm (D:2)
  A dart slug (D:1)
  A leopard gecko (D:2)
  A ball python (D:1)
  2 bats
  3 giant cockroaches
  A goblin (D:1)
  2 hobgoblins (D:1)
  5 kobolds
  A quokka (D:2)
  5 rats
23 creatures vanquished.

Vanquished Creatures (collateral kills)
  Terence (D:2)
  A rat (D:2)
2 creatures vanquished.

Grand Total: 25 creatures vanquished

Notes
Turn   | Place    | Note
-------+----------+-------------------------------------------
     0 | D:1      | Duffy the Deep Elf Wizard began the quest for the Orb.
     0 | D:1      | Reached XP level 1. HP: 10/10 MP: 7/7
   330 | D:1      | Reached XP level 2. HP: 14/15 MP: 2/9
  1164 | D:2      | Noticed Terence
  1170 | D:1      | Learned a level 2 spell: Call Imp
  1173 | D:1      | Learned a level 2 spell: Blink
  1184 | D:2      | Killed Terence
  1184 | D:2      | Reached skill level 5 in Spellcasting
  1184 | D:2      | Reached XP level 3. HP: 19/19 MP: 1/11
  1681 | D:2      | Noticed Natasha
  1686 | D:2      | Killed from afar by Natasha

Skill      XL: |  1  2 |
---------------+-------+-----
Spellcasting   | 5 |  5.2
Conjurations   | 2 |  2.4
Dodging        | |  2.6
Stealth        | |  2.8
Summonings     | |  1.1
Translocations | |  1.1

Action                   || total
-------------------------++-------
 Cast: Magic Dart        ||    76
       Call Imp          ||     2
  Eat: Chunk             ||     2
Armor: Robe              ||     6
Dodge: Dodged            ||    10
